 Dungeon Sprint DCSS version 0.20-a0-876-g2c7b0bf (webtiles) character file.

1358 esc the Grappler (level 8, -4/87 HPs)
             Began as a Troll Skald on Mar 15, 2017.
             Was a Believer of Okawaru.
             Slain by an 11-headed hydra (8 damage)
             ... in the Dungeon (Sprint IX: "|||||||||||||||||||||||||||||").
             The game lasted 00:05:50 (520 turns).

esc the Grappler (Troll Skald)                       Turns: 520, Time: 00:05:50

Health: -4/87      AC:  6    Str: 20    XL:     8   Next: 37%
Magic:  2/15       EV: 19    Int:  9    God:    Okawaru [**....]
Gold:   0          SH:  0    Dex: 14    Spells: 12/17 levels left

rFire    . . .     SeeInvis .     - Unarmed
rCold    . . .     Gourm    +   a - +0 robe
rNeg     . . .     Faith    .   (no shield)
rPois    .         Spirit   .   (helmet restricted)
rElec    .         Reflect  .   p - +0 cloak
rCorr    .         Harm     .   (gloves unavailable)
MR       .....     NoTele   +   (boots unavailable)
Stlth    +++.......             (no amulet)
Regen    0.7/turn               q - +2 ring of evasion
MPRegen  0.2/turn               r - +3 ring of dexterity

@: heroism, infused, singing
A: unfitting armour, claws 3, fast metabolism 3, gourmand, regeneration 1,
shaggy fur 1, tough skin 2
a: Heroism, Renounce Religion, Stop Singing


You were in the Dungeon.
You worshipped Okawaru.
Okawaru was pleased with you.
You were hungry.

You visited 1 branch

Inventory:

Armour
 a - a +0 robe (worn)
 p - a +0 cloak (worn)
   (You found it in the Dungeon)
Magical Staves
 n - an uncursed staff of energy {@w1+MP, hungerless spells, !d!a}
   (You found it in the Dungeon)
Jewellery
 q - a +2 ring of evasion (right claw)
   (You found it in the Dungeon)
 r - a +3 ring of dexterity (left claw)
   (You found it in the Dungeon)
Wands
 o - a wand of lightning (7/15)
   (You found it in the Dungeon)
Scrolls
 i - 2 scrolls of blinking {!r}
 l - 4 scrolls of remove curse
 m - 2 scrolls of amnesia
 v - 3 scrolls of fear
 w - a scroll of fog
Potions
 d - 5 potions of curing
 e - 5 potions of heal wounds
 f - a potion of haste
 g - 4 potions of magic
 h - a potion of invisibility
 j - a potion of might
 k - 2 potions of agility
 s - a potion of berserk rage {!q}
 t - a potion of brilliance
Books
 b - a book of Battle
Comestibles
 c - 2 bread rations {@e1}
 u - 2 meat rations {@e2}


   Skills:
 + Level 7.1(12.1) Fighting
 + Level 7.1(12.1) Dodging
 + Level 8.6(13.6) Unarmed Combat
 + Level 5.4 Spellcasting
 + Level 6.1 Charms
 + Level 3.1 Invocations


You had 12 spell levels left.
You knew the following spells:

 Your Spells              Type           Power        Failure   Level  Hunger
a - Infusion              Chrm           ##..         1%          1    #......
s - Shroud of Golubria    Chrm/Tloc      #.........   12%         2    ##.....
S - Song of Slaying       Chrm           ##......     3%          2    ##.....


Dungeon Overview and Level Annotations

Branches:
Dungeon (1/1)

Altars:
Cheibriados
Dithmenos
Elyvilon
Fedhas
Gozag
Hepliaklqana
Kikubaaqudgha
Makhleb
Nemelex Xobeh
Okawaru
Qazlal
Ru
Sif Muna
Trog
Uskayaw
Vehumet
Wu Jian
Xom
Yredelemnul
Zin
The Shining One
Beogh
Jiyva
Lugonu


Innate Abilities, Weirdness & Mutations

You are too large for most types of armour.
You have claws for hands.
Your metabolism is lightning-fast.
You like to eat raw meat.
Your natural rate of healing is unusually fast.
You are covered in fur. (AC +1)
You have very tough skin. (AC +2)


Message History

You start singing a song of slaying.
You now have 7/14 mp.
You open the door.
Your shroud begins to fray at the edges.
There is an open door here.
j - a potion of might
k - 2 potions of agility
s - a potion of berserk rage {!q} Your shroud unravels.
Your magical infusion is running out.
You see here a potion of mutation {!q}.
e - 5 potions of heal wounds (gained 2)
t - a potion of brilliance You are no longer magically infusing your attacks.
u - a meat ration {@e2}
u - 2 meat rations {@e2} (gained 1)
Your song is almost over.
v - a scroll of fear Your magical contamination has completely faded away.
v - 2 scrolls of fear (gained 1)
v - 3 scrolls of fear (gained 1)
Your song has ended.
l - 4 scrolls of remove curse (gained 1)
w - a scroll of fog You start resting.
MP restored: 14 You begin infusing your attacks with magical energy.
You now have 13/14 mp.
You start singing a song of slaying.
You are feeling hungry.
You now have 11/14 mp.
Space distorts slightly along a thin shroud covering your body.
You now have 9/14 mp.
You open the door.
A water moccasin, 2 porcupines, a crocodile, a hydra and a spiny frog come into view.
The water moccasin hisses angrily.
The seven-headed hydra roars!
The water moccasin misses you.
Okay, then.
The spiny frog gives a loud, deep croak!
You mangle the water moccasin!! The water moccasin closely misses you.
You now have 8/14 mp.
You closely miss the water moccasin. The water moccasin closely misses you.
You claw the water moccasin!
You kill the water moccasin!
Okawaru accepts your kill.
Your Invocations skill increases to level 3!
A komodo dragon comes into view.
You barely miss the crocodile. The crocodile barely misses you.
Okay, then.
You gain the combat prowess of a mighty hero.
The crocodile barely misses you.
A blink frog comes into view.
You now have 6/15 mp.
The komodo dragon hisses angrily.
The blink frog gives a loud, deep croak!
You mangle the crocodile!!
The blink frog blinks!
You claw one of the seven-headed hydra's heads off!
The six-headed hydra grows two more!
You scratch the eight-headed hydra!
You now have 5/15 mp.
You claw one of the eight-headed hydra's heads off!
The seven-headed hydra grows two more!
You scratch the nine-headed hydra!
The nine-headed hydra barely misses you.
The nine-headed hydra bites you.
The nine-headed hydra closely misses you.
The nine-headed hydra barely misses you.
Your shroud bends the nine-headed hydra's attack away.
Your shroud bends the nine-headed hydra's attack away!
The nine-headed hydra closely misses you.
The nine-headed hydra bites you.
The nine-headed hydra closely misses you.
You take 5 damage, and have 82/87 hp.
You now have 4/15 mp.
You barely miss the nine-headed hydra. The nine-headed hydra misses you.
The nine-headed hydra closely misses you.
The nine-headed hydra completely misses you.
The nine-headed hydra misses you. x3; The nine-headed hydra bites you!
The nine-headed hydra misses you. The nine-headed hydra bites you!
You take 22 damage, and have 60/87 hp.
MASSIVE DAMAGE!!
You rip one of the nine-headed hydra's heads off!
The eight-headed hydra grows two more!
You claw the ten-headed hydra!
The ten-headed hydra closely misses you.
The ten-headed hydra bites you!
Your shroud falls apart!
The ten-headed hydra bites you. x4
The ten-headed hydra closely misses you.
The ten-headed hydra barely misses you.
The ten-headed hydra closely misses you.
The ten-headed hydra bites you!
* * * LOW HITPOINT WARNING * * *
You take 42 damage, and have 18/87 hp.
MASSIVE DAMAGE!!
You now have 3/15 mp.
You completely miss the ten-headed hydra.
The blink frog blinks!
You tear one of the ten-headed hydra's heads off!
The nine-headed hydra grows two more!
You mangle the 11-headed hydra!!
The 11-headed hydra completely misses you.
The 11-headed hydra bites you!
* * * LOW HITPOINT WARNING * * *
The 11-headed hydra bites you!
You die...

▓▓▓▓▓▓▓▓▓▓▓▓▓▓▓▓▓▓▓▓▓▓▓▓
...'...!........@DtFrrl§
▓▓▓▓▓▓▓▓▓▓▓▓▓▓▓▓▓▓▓▓▓▓▓▓▓▓▓▓▓▓▓▓▓
.................................
▓▓▓▓▓▓▓▓▓▓▓▓▓▓▓▓▓▓▓▓▓▓▓▓▓▓▓▓▓▓▓▓▓
'((...))....'____________________
▓▓▓▓▓▓▓▓▓▓▓▓▓▓▓▓▓▓▓▓▓▓▓▓▓▓▓▓▓▓▓▓▓


You could see a 11-headed hydra, a komodo dragon, a spiny frog, a crocodile and
2 porcupines.

Vanquished Creatures
  A gargoyle (D)
  A hippogriff (D)
  A wyvern (D)
  A water moccasin (D)
  2 ice beasts (D)
  An ogre (D)
  A centaur (D)
  A big kobold (D)
  A gnoll sergeant (D)
  A scorpion (D)
  A crimson imp (D)
  2 orc wizards (D)
  A worker ant (D)
  2 adder zombies (D)
  A bat (D)
  A goblin (D)
  3 kobolds (D)
  A quokka zombie (D)
23 creatures vanquished.

Notes
Turn   | Place    | Note
-------+----------+-------------------------------------------
     0 | D        | esc the Troll Skald began the quest for the Orb.
     0 | D        | Reached XP level 1. HP: 19/19 MP: 1/1
     9 | D        | Reached skill level 2 in Dodging
    29 | D        | Reached skill level 2 in Fighting
    44 | D        | Noticed an ogre
    44 | D        | Noticed an orc wizard
    44 | D        | Noticed a gnoll sergeant
    49 | D        | Killed an ogre
    49 | D        | Reached skill level 3 in Fighting
    49 | D        | Reached skill level 3 in Dodging
    49 | D        | Reached skill level 4 in Unarmed Combat
    49 | D        | Reached skill level 2 in Spellcasting
    49 | D        | Reached skill level 3 in Charms
    49 | D        | Reached XP level 2. HP: 25/31 MP: 0/4
    49 | D        | Reached XP level 3. HP: 30/37 MP: 0/5
    49 | D        | Reached XP level 4. HP: 36/45 MP: 0/6
    56 | D        | Killed a gnoll sergeant
    56 | D        | Reached skill level 4 in Fighting
    56 | D        | Reached skill level 4 in Dodging
    56 | D        | Reached skill level 5 in Unarmed Combat
    56 | D        | Reached skill level 3 in Spellcasting
    56 | D        | Reached XP level 5. HP: 42/54 MP: 0/8
    70 | D        | Found a roughly hewn altar of Beogh.
    70 | D        | Found a snail-covered altar of Cheibriados.
    70 | D        | Found a shadowy altar of Dithmenos.
    70 | D        | Found a white marble altar of Elyvilon.
    70 | D        | Found a blossoming altar of Fedhas.
    70 | D        | Found an opulent altar of Gozag.
    71 | D        | Found a hazy altar of Hepliaklqana.
    72 | D        | Found a viscous altar of Jiyva.
    73 | D        | Found an ancient bone altar of Kikubaaqudgha.
    74 | D        | Found a corrupted altar of Lugonu.
    75 | D        | Found a burning altar of Makhleb.
    76 | D        | Found a sparkling altar of Nemelex Xobeh.
    77 | D        | Found an iron altar of Okawaru.
    78 | D        | Found a stormy altar of Qazlal.
    79 | D        | Found a sacrificial altar of Ru.
    80 | D        | Found a deep blue altar of Sif Muna.
    81 | D        | Found a bloodstained altar of Trog.
    82 | D        | Found a hide-covered altar of Uskayaw.
    83 | D        | Found a radiant altar of Vehumet.
    84 | D        | Found an ornate altar of the Wu Jian Council.
    85 | D        | Became a worshipper of Warmaster Okawaru
    86 | D        | Found a shimmering altar of Xom.
    87 | D        | Found a basalt altar of Yredelemnul.
    88 | D        | Found a glowing silver altar of Zin.
    89 | D        | Found a glowing golden altar of the Shining One.
   152 | D        | Learned a level 2 spell: Song of Slaying
   155 | D        | Learned a level 2 spell: Shroud of Golubria
   158 | D        | Noticed an ice beast
   158 | D        | Noticed a centaur
   158 | D        | Noticed a hippogriff
   165 | D        | Killed an ice beast
   165 | D        | Reached skill level 6 in Unarmed Combat
   165 | D        | Reached skill level 4 in Charms
   165 | D        | Reached XP level 6. HP: 65/65 MP: 2/10
   166 | D        | Reached skill level 5 in Fighting
   166 | D        | Reached skill level 5 in Dodging
   175 | D        | Reached * piety under Okawaru
   175 | D        | Reached skill level 4 in Spellcasting
   179 | D        | Killed a hippogriff
   179 | D        | Reached skill level 7 in Unarmed Combat
   179 | D        | Reached skill level 5 in Charms
   179 | D        | Reached XP level 7. HP: 57/74 MP: 1/12
   191 | D        | Reached skill level 6 in Fighting
   191 | D        | Reached skill level 6 in Dodging
   276 | D        | Noticed a wyvern
   276 | D        | Noticed a gargoyle
   289 | D        | Killed a wyvern
   289 | D        | Reached ** piety under Okawaru
   289 | D        | Reached skill level 8 in Unarmed Combat
   289 | D        | Reached skill level 5 in Spellcasting
   289 | D        | Reached skill level 1 in Invocations
   302 | D        | Killed a gargoyle
   302 | D        | Reached skill level 7 in Fighting
   302 | D        | Reached skill level 6 in Charms
   302 | D        | Reached skill level 2 in Invocations
   302 | D        | Reached XP level 8. HP: 45/87 MP: 8/14
   307 | D        | Reached skill level 7 in Dodging
   508 | D        | Noticed a spiny frog
   508 | D        | Noticed a seven-headed hydra
   511 | D        | Reached skill level 3 in Invocations
   512 | D        | Noticed a komodo dragon
   514 | D        | Noticed a blink frog
   518 | D        | HP: 18/87 [ten-headed hydra (13)]
   520 | D        | HP: 4/87 [11-headed hydra (15)]
   520 | D        | Slain by an 11-headed hydra

Vault maps used:
D:        linesprint

Skill      XL: |  1  2  3  4  5  6  7  8 |
---------------+-------------------------+-----
Dodging        | 3 4 5 6 7 |  7.1
Fighting       | 3 4 5 7 |  7.1
Unarmed Combat | 4 5 6 7 8 |  8.6
Spellcasting   | 2 3 4 5 |  5.4
Charms         | 3 4 5 6 |  6.1
Invocations    | 2 3 |  3.1

Action                   |  1- 3 |  4- 6 |  7- 9 || total
-------------------------+-------+-------+-------++-------
Melee: Unarmed           |    27 |    28 |    59 ||   114
       Punch             |       |     2 |     2 ||     4
 Cast: Infusion          |     2 |     1 |     3 ||     6
       Shroud of Golubri |       |     1 |     3 ||     4
       Song of Slaying   |       |     1 |     3 ||     4
Invok: Heroism           |       |       |     1 ||     1
  Use: Potion            |     1 |       |       ||     1
  Eat: Chunk             |       |       |     2 ||     2
Armor: Robe              |     4 |     3 |    13 ||    20
Dodge: Dodged            |    11 |    15 |    43 ||    69

Vault maps used:
D:        linesprint

Table legend:
 A = Turns spent in this place as a percentage of turns spent in the entire game.
 B = Non-inter-level travel turns spent in this place as a percentage of non-inter-level travel turns spent in the entire game.
 C = Inter-level travel turns spent in this place as a percentage of turns spent in this place.
 D = Turns resting spent in this place as a percentage of non-inter-level travel turns spent in this place.
 E = Turns spent auto-exploring this place as a percentage of non-inter-level travel turns spent in this place.
 F = Non-inter-level travel turns spent in this place divided by the number of levels of this place that you've seen.
                   A       B       C       D       E      F
               +-------+-------+-------+-------+-------+----------------------
         Total | 100.0 | 100.0 |   0.0 |   2.9 |   0.0 | 375.0
       Dungeon | 100.0 | 100.0 |   0.0 |   2.9 |   0.0 | 375.0
               +-------+-------+-------+-------+-------+----------------------

Table legend:
 A = Kills in this place as a percentage of kills in entire the game.
 B = Kills by you in this place as a percentage of kills by you in the entire game.
 C = Kills by friends in this place as a percentage of kills by friends in the entire game.
 D = Other kills in this place as a percentage of other kills in the entire game.
 E = Experience gained in this place as a percentage of experience gained in the entire game.
 F = Experience gained in this place divided by the number of levels of this place that you have seen.
                   A       B       C       D       E      F
               +-------+-------+-------+-------+-------+----------------------
         Total | 100.0 | 100.0 |  -nan |  -nan | 100.0 | 1941.0
       Dungeon | 100.0 | 100.0 |  -nan |  -nan | 100.0 | 1941.0
               +-------+-------+-------+-------+-------+----------------------
